General information
- name: w
- type: Custom game
- host: MasserofGiants
- saver: FLIPENDO
map: SilverpineForest
- players: 6
- length: 33:53
- speed: Fast
- version: 1.26 W3XP
- replay type: Public
» download(282 KB)
Players
team 1 (winner)

»
MasserofGiants (
red | 130 APM | 4410 actions | 33:53)
7 Death Knight
3 Death Coil
3 Unholy Aura
1 Animate Dead
5 Lich
3 Frost Nova
2 Frost Armor
3 Crypt Lord
2 Impale
1 Spiked Carapace
» actions
| Assign group hotkey | 1189 | |
| Basic commands | 23 | |
| Build / train | 72 | |
| Enter build submenu | 23 | |
| Enter hero's abilities submenu | 15 | |
| Give item / drop item | 6 | |
| Remove unit from queue | 1 | |
| Right click | 1783 | |
| Select / deselect | 420 | |
| Select group hotkey | 765 | |
| Use ability | 113 | |
4410 total
» units
| Acolyte | 8 | |
| Ghoul | 5 | |
| Crypt Fiend | 7 | |
| Frost Wyrm | 7 | |
27 total
» upgrades
| Creature Attack | 3 | |
| Creature Carapace | 1 | |
| Burrow | 1 | |
| Web | 1 | |
| Freezing Breath | 1 | |
7 total
» buildings
| Altar of Darkness | 2 | |
| Ziggurat | 11 | |
| Crypt | 2 | |
| Graveyard | 1 | |
| Tomb of Relics | 1 | |
| Halls of the Dead | 3 | |
| Black Citadel | 1 | |
| Sacrificial Pit | 1 | |
| Boneyard | 2 | |
| Necropolis | 1 | |
25 total
» build order
00:11 Altar of Darkness
00:27 Ziggurat
00:51 Crypt
01:00 Graveyard
01:23 Tomb of Relics
02:29 Ziggurat
04:45 Halls of the Dead
04:45 Halls of the Dead
05:23 Ziggurat
09:07 Black Citadel
09:26 Ziggurat
10:26 Sacrificial Pit
11:46 Boneyard
11:48 Boneyard
13:34 Ziggurat
13:34 Ziggurat
20:17 Ziggurat
26:30 Necropolis
27:00 Crypt
27:01 Ziggurat
28:00 Altar of Darkness
29:54 Halls of the Dead
29:58 Ziggurat
29:58 Ziggurat
32:59 Ziggurat
» items
| Rod of Necromancy | 2 | |
| Boots of Speed | 1 | |
| Potion of Greater Healing | 1 | |
| Potion of Mana | 2 | |
| Scroll of Town Portal | 4 | |
| Potion of Healing | 1 | |
| Scroll of Healing | 1 | |
| Potion of Lesser Invulnerability | 1 | |
13 total

»
TITLICKER3000 (
blue | 86 APM | 2917 actions | 33:53)
6 Demon Hunter
3 Mana Burn
2 Evasion
1 Metamorphosis
4 Keeper of the Grove
2 Entangling Roots
2 Force of Nature
» actions
| Assign group hotkey | 26 | |
| Basic commands | 68 | |
| Build / train | 68 | |
| Enter build submenu | 19 | |
| Enter hero's abilities submenu | 10 | |
| Right click | 2057 | |
| Select / deselect | 289 | |
| Select group hotkey | 282 | |
| Use ability | 98 | |
2917 total
» units
| Wisp | 12 | |
| Huntress | 12 | |
| Druid of the Claw | 2 | |
| Dryad | 9 | |
35 total
» upgrades
| Strength of the Moon | 1 | |
| Druid of the Claw Training | 2 | |
| Mark of the Claw | 1 | |
| Abolish Magic | 1 | |
| Strength of the Wild | 2 | |
| Reinforced Hides | 2 | |
9 total
» buildings
| Altar of Elders | 1 | |
| Moon Well | 10 | |
| Ancient of War | 2 | |
| Hunter's Hall | 1 | |
| Ancient of Wonders | 1 | |
| Tree of Ages | 1 | |
| Tree of Eternity | 1 | |
| Ancient of Lore | 3 | |
| Tree of Life | 1 | |
21 total
» build order
00:07 Altar of Elders
00:09 Moon Well
00:54 Ancient of War
01:32 Moon Well
02:11 Hunter's Hall
02:28 Ancient of War
02:44 Moon Well
03:51 Moon Well
04:32 Ancient of Wonders
04:41 Moon Well
06:54 Tree of Ages
07:00 Moon Well
09:24 Tree of Eternity
11:58 Ancient of Lore
13:56 Ancient of Lore
14:32 Moon Well
19:13 Moon Well
20:24 Tree of Life
21:47 Ancient of Lore
22:55 Moon Well
24:26 Moon Well
» items
| Staff of Preservation | 1 | |
| Scroll of Town Portal | 5 | |
| Warsong Battle Drums | 1 | |
| Scroll of the Beast | 1 | |
| Orb of Venom | 1 | |
9 total

»
FLIPENDO (
light-blue | 70 APM | 2381 actions | 33:53)
6 Death Knight
2 Death Coil
3 Unholy Aura
1 Animate Dead
6 Dreadlord
2 Vampiric Aura
3 Sleep
1 Inferno
» actions
| Assign group hotkey | 54 | |
| Basic commands | 280 | |
| Build / train | 117 | |
| ESC pressed | 4 | |
| Enter build submenu | 37 | |
| Enter hero's abilities submenu | 13 | |
| Give item / drop item | 4 | |
| Right click | 592 | |
| Select / deselect | 613 | |
| Select group hotkey | 546 | |
| Use ability | 121 | |
2381 total
» units
| Acolyte | 33 | |
| Ghoul | 18 | |
| Obsidian Statue | 8 | |
| Abomination | 7 | |
66 total
» upgrades
| Unholy Strength | 3 | |
| Unholy Armor | 3 | |
| Disease Cloud | 1 | |
| Destroyer Form | 1 | |
| Creature Attack | 3 | |
| Creature Carapace | 2 | |
13 total
» buildings
| Altar of Darkness | 1 | |
| Crypt | 2 | |
| Ziggurat | 18 | |
| Tomb of Relics | 1 | |
| Nerubian Tower | 4 | |
| Graveyard | 1 | |
| Halls of the Dead | 1 | |
| Spirit Tower | 3 | |
| Slaughterhouse | 2 | |
| Black Citadel | 1 | |
34 total
» build order
00:09 Altar of Darkness
00:10 Crypt
00:12 Ziggurat
00:27 Ziggurat
01:13 Tomb of Relics
01:21 Ziggurat
02:30 Nerubian Tower
02:31 Nerubian Tower
02:58 Crypt
04:07 Ziggurat
04:23 Graveyard
06:15 Halls of the Dead
07:53 Spirit Tower
08:03 Ziggurat
08:11 Ziggurat
09:31 Slaughterhouse
09:34 Slaughterhouse
11:27 Black Citadel
11:55 Ziggurat
11:57 Ziggurat
13:26 Nerubian Tower
13:29 Ziggurat
13:30 Ziggurat
13:31 Ziggurat
14:58 Spirit Tower
19:12 Ziggurat
19:14 Ziggurat
19:15 Ziggurat
19:58 Ziggurat
20:11 Spirit Tower
20:13 Nerubian Tower
22:29 Ziggurat
22:29 Ziggurat
» items
| Rod of Necromancy | 1 | |
| Potion of Healing | 3 | |
| Scroll of Town Portal | 4 | |
| Staff of Silence | 1 | |
| Staff of Preservation | 1 | |
| Orb of Venom | 1 | |
| Orb of Corruption | 1 | |
| Potion of Lesser Invulnerability | 1 | |
13 total
team 2 (loser)

»
JohnWall (
teal | 140 APM | 3353 actions | 23:58)
5 Death Knight
3 Death Coil
2 Unholy Aura
4 Lich
2 Frost Nova
2 Frost Armor
3 Crypt Lord
2 Impale
1 Spiked Carapace
» actions
| Assign group hotkey | 36 | |
| Basic commands | 305 | |
| Build / train | 70 | |
| ESC pressed | 1 | |
| Enter build submenu | 18 | |
| Enter hero's abilities submenu | 13 | |
| Give item / drop item | 10 | |
| Right click | 1067 | |
| Select / deselect | 514 | |
| Select group hotkey | 1228 | |
| Use ability | 91 | |
3353 total
» units
| Acolyte | 2 | |
| Ghoul | 2 | |
| Crypt Fiend | 12 | |
| Frost Wyrm | 8 | |
24 total
» upgrades
| Creature Attack | 3 | |
| Creature Carapace | 3 | |
| Web | 1 | |
7 total
» buildings
| Crypt | 1 | |
| Graveyard | 1 | |
| Ziggurat | 8 | |
| Altar of Darkness | 1 | |
| Tomb of Relics | 1 | |
| Nerubian Tower | 1 | |
| Halls of the Dead | 1 | |
| Black Citadel | 1 | |
| Sacrificial Pit | 1 | |
| Boneyard | 2 | |
| Spirit Tower | 1 | |
19 total
» build order
00:07 Crypt
00:16 Graveyard
00:45 Ziggurat
01:00 Altar of Darkness
01:50 Tomb of Relics
02:06 Ziggurat
02:19 Nerubian Tower
04:12 Halls of the Dead
04:32 Ziggurat
07:13 Black Citadel
07:28 Ziggurat
08:50 Sacrificial Pit
09:54 Boneyard
10:11 Ziggurat
13:12 Boneyard
14:38 Ziggurat
18:26 Spirit Tower
18:28 Ziggurat
21:38 Ziggurat
» items
| Rod of Necromancy | 2 | |
| Dust of Appearance | 1 | |
| Boots of Speed | 3 | |
| Potion of Healing | 3 | |
| Potion of Mana | 1 | |
| Orb of Corruption | 1 | |
| Scroll of Town Portal | 4 | |
| Potion of Lesser Invulnerability | 1 | |
| Scroll of Healing | 2 | |
| Scroll of Protection | 1 | |
19 total

»
SkyHighSuperFly (
dark-green | 75 APM | 2553 actions | 33:52)
3 Archmage
2 Summon Water Elemental
1 Brilliance Aura
2 Paladin
1 Holy Light
1 Devotion Aura
» actions
| Assign group hotkey | 42 | |
| Basic commands | 2 | |
| Build / train | 44 | |
| Enter build submenu | 23 | |
| Enter hero's abilities submenu | 5 | |
| Right click | 2003 | |
| Select / deselect | 197 | |
| Select group hotkey | 184 | |
| Use ability | 53 | |
2553 total
» units
| Peasant | 9 | |
| Rifleman | 10 | |
| Gryphon Rider | 6 | |
| Frost Wyrm | 2 | |
27 total
» upgrades
| Masonry | 1 | |
| Lumber Harvesting | 2 | |
| Storm Hammers | 1 | |
4 total
» buildings
| Barracks | 2 | |
| Farm | 12 | |
| Altar of Kings | 1 | |
| Blacksmith | 1 | |
| Lumber Mill | 1 | |
| Arcane Vault | 1 | |
| Keep | 1 | |
| Castle | 1 | |
| Gryphon Aviary | 2 | |
| Boneyard | 1 | |
23 total
» build order
00:08 Barracks
00:12 Farm
00:15 Altar of Kings
00:56 Blacksmith
02:48 Farm
02:51 Lumber Mill
03:42 Barracks
03:49 Arcane Vault
04:43 Farm
07:02 Keep
09:05 Farm
09:08 Farm
10:05 Farm
12:10 Farm
12:28 Castle
12:35 Gryphon Aviary
12:40 Gryphon Aviary
13:48 Farm
14:34 Farm
15:31 Farm
16:11 Farm
20:29 Farm
28:05 Boneyard
» items
| Scroll of Regeneration | 3 | |
| Scroll of Town Portal | 1 | |
4 total

»
ANNEFRANKHUSTLE (
yellow | 115 APM | 3876 actions | 33:46)
6 Paladin
3 Holy Light
2 Divine Shield
1 Resurrection
5 Mountain King
3 Storm Bolt
2 Bash
» actions
| Assign group hotkey | 87 | |
| Basic commands | 227 | |
| Build / train | 191 | |
| ESC pressed | 4 | |
| Enter build submenu | 59 | |
| Enter hero's abilities submenu | 11 | |
| Right click | 1846 | |
| Select / deselect | 696 | |
| Select group hotkey | 542 | |
| Use ability | 213 | |
3876 total
» units
| Peasant | 35 | |
| Footman | 13 | |
| Rifleman | 4 | |
| Mortar Team | 17 | |
| Sorceress | 15 | |
| Flying Machine | 1 | |
| Knight | 1 | |
| Siege Engine | 6 | |
| Gryphon Rider | 4 | |
96 total
» upgrades
| Defend | 1 | |
| Masonry | 1 | |
| Sorceress Training | 2 | |
| Flare | 1 | |
| Fragmentation Shards | 1 | |
| Gunpowder | 1 | |
| Animal War Training | 1 | |
| Barrage | 1 | |
| Storm Hammers | 1 | |
10 total
» buildings
| Farm | 11 | |
| Altar of Kings | 1 | |
| Barracks | 1 | |
| Lumber Mill | 1 | |
| Scout Tower | 28 | |
| Arcane Tower | 2 | |
| Keep | 4 | |
| Guard Tower | 19 | |
| Blacksmith | 1 | |
| Town Hall | 3 | |
| Workshop | 3 | |
| Arcane Vault | 1 | |
| Arcane Sanctum | 1 | |
| Castle | 4 | |
| Gryphon Aviary | 1 | |
| Nerubian Tower | 1 | |
82 total
» build order
00:10 Farm
00:12 Altar of Kings
00:53 Barracks
01:24 Farm
01:35 Lumber Mill
02:03 Farm
02:45 Farm
03:19 Scout Tower
03:28 Farm
03:45 Scout Tower
03:52 Arcane Tower
03:53 Arcane Tower
04:07 Keep
04:07 Keep
04:19 Guard Tower
05:00 Blacksmith
06:58 Town Hall
07:10 Workshop
08:09 Scout Tower
08:10 Scout Tower
08:11 Scout Tower
08:46 Guard Tower
08:47 Scout Tower
08:48 Scout Tower
08:55 Scout Tower
08:56 Scout Tower
09:11 Scout Tower
09:16 Scout Tower
09:26 Guard Tower
10:06 Guard Tower
10:21 Guard Tower
10:32 Farm
10:38 Arcane Vault
10:47 Guard Tower
10:48 Guard Tower
10:48 Guard Tower
11:54 Arcane Sanctum
11:57 Scout Tower
12:02 Guard Tower
12:03 Guard Tower
12:04 Scout Tower
12:07 Farm
12:09 Farm
13:11 Farm
13:25 Farm
13:27 Guard Tower
13:35 Guard Tower
13:36 Scout Tower
13:46 Farm
14:07 Guard Tower
15:22 Town Hall
15:45 Castle
15:45 Castle
18:44 Scout Tower
18:48 Scout Tower
18:49 Scout Tower
18:49 Scout Tower
18:55 Scout Tower
19:08 Scout Tower
19:21 Guard Tower
20:08 Guard Tower
20:09 Guard Tower
24:19 Workshop
24:20 Workshop
24:31 Town Hall
27:17 Gryphon Aviary
28:34 Nerubian Tower
30:09 Scout Tower
30:09 Scout Tower
30:10 Scout Tower
30:11 Scout Tower
30:12 Scout Tower
30:49 Guard Tower
30:49 Scout Tower
30:51 Scout Tower
30:52 Scout Tower
33:12 Guard Tower
» items
| Scroll of Regeneration | 2 | |
| Lesser Clarity Potion | 5 | |
| Scroll of Town Portal | 5 | |
| Circlet of Nobility | 1 | |
| Potion of Healing | 5 | |
| Potion of Mana | 3 | |
21 total
Chat log
(00:08 / Allies) MasserofGiants: ok what races
(00:08 / Allies) MasserofGiants: are we
(00:10 / Allies) TITLICKER3000: nelf
(00:11 / All) JohnWall: Gg
(00:12 / Allies) MasserofGiants: ok
(00:14 / All) FLIPENDO: toss
(00:17 / All) ANNEFRANKHUSTLE: GG
(00:32 / Allies) MasserofGiants: looks like our best bet
(00:34 / Allies) MasserofGiants: is
(00:36 / Allies) MasserofGiants: mass hunts
(00:39 / All) SkyHighSuperFly: FUCK
(00:41 / Allies) FLIPENDO: k
(00:41 / Allies) TITLICKER3000: ok
(00:42 / Allies) FLIPENDO: i'll do that
(00:46 / Allies) MasserofGiants: and im going the wrong build order
(00:47 / All) SkyHighSuperFly: OH WAIT
(00:49 / All) SkyHighSuperFly: GG
(00:53 / All) FLIPENDO: ?
(00:55 / All) MasserofGiants: what are you talking about
(01:05 / All) JohnWall: you know waht i'm talking about
(01:16 / All) MasserofGiants: if you guys plan on being gay it wont work
(01:23 / All) FLIPENDO: Yeah
(01:29 / All) FLIPENDO: This map has anti-gay laws
(01:32 / All) MasserofGiants: well beat you to it
(01:42 / Allies) MasserofGiants: so just
(01:44 / Allies) MasserofGiants: juggz
(01:47 / Allies) MasserofGiants: harass jeff
(01:50 / Allies) MasserofGiants: or h
(01:50 / Allies) TITLICKER3000: ok
(01:51 / Allies) MasserofGiants: then
(01:54 / Allies) MasserofGiants: we will power to 3
(01:55 / Allies) MasserofGiants: and hit
(01:57 / Allies) TITLICKER3000: well h wont stop it haha
(02:00 / Allies) MasserofGiants: no he wont
(02:05 / Allies) MasserofGiants: and if all else fails
(02:08 / Allies) MasserofGiants: we perch
(02:28 / Allies) FLIPENDO: with elf and ud?
(02:31 / Allies) MasserofGiants: yeah
(02:34 / Allies) MasserofGiants: as a
(02:36 / Allies) MasserofGiants: last stand
(02:40 / Allies) FLIPENDO: hmm
(02:54 / Allies) MasserofGiants: are they
(02:56 / Allies) MasserofGiants: trihuman
(03:01 / Allies) FLIPENDO: dunno
(03:10 / Allies) TITLICKER3000: 2 are
(03:41 / Allies) TITLICKER3000: 50 food hunts?
(03:43 / Allies) MasserofGiants: y
(03:49 / Allies) MasserofGiants: just harass
(03:50 / Allies) MasserofGiants: dg
(03:54 / Allies) MasserofGiants: or
(03:55 / Allies) TITLICKER3000: k
(03:55 / Allies) MasserofGiants: jeff
(04:55 / Allies) FLIPENDO: 2 rax
(05:02 / Allies) TITLICKER3000: coming in
(05:30 / Allies) MasserofGiants: ok im 3
(05:31 / Allies) MasserofGiants: lets go
(06:16 / Allies) MasserofGiants: i am
(06:19 / Allies) MasserofGiants: nearly there
(06:59 / All) ANNEFRANKHUSTLE: SHIT
(07:12 / All) FLIPENDO: Please don't drop from the game
(07:16 / All) FLIPENDO: I would hate to ban you from the forums
(07:26 / All) ANNEFRANKHUSTLE: SHUT THE FUCK UP
(07:31 / All) JohnWall: why would you do that
(07:32 / All) JohnWall: it's me
(07:35 / All) FLIPENDO: lolol
(07:47 / Allies) MasserofGiants: i saw we
(07:48 / Allies) MasserofGiants: get mid
(07:49 / All) JohnWall: dat lag
(07:50 / Allies) MasserofGiants: sday
(08:03 / Allies) MasserofGiants: im her
(08:49 / Allies) MasserofGiants: im b
(09:03 / Allies) FLIPENDO: lol
(09:04 / Allies) FLIPENDO: if ucked up
(09:34 / Allies) MasserofGiants: im heer
(09:40 / Allies) TITLICKER3000: let me heal
(10:00 / Allies) TITLICKER3000: coming
(10:03 / Allies) FLIPENDO: yeah
(10:16 / Allies) MasserofGiants: any lumb
(10:22 / Allies) MasserofGiants: yu
(10:26 / Allies) TITLICKER3000: whoops
(10:33 / Allies) TITLICKER3000: give me gold lol
(10:39 / Allies) MasserofGiants: ok
(10:44 / Allies) MasserofGiants: im there
(10:54 / Allies) MasserofGiants: actually
(10:56 / Allies) MasserofGiants: stay on him
(11:08 / Allies) TITLICKER3000: fuck creeps
(12:19 / Allies) MasserofGiants: he has no tp
(13:49 / Allies) MasserofGiants: we need to get mid
(14:54 / Allies) MasserofGiants: after
(15:57 / Allies) MasserofGiants: i need lumb
(16:03 / Allies) MasserofGiants: ty
(16:06 / Allies) TITLICKER3000: staff of gg
(16:08 / Allies) TITLICKER3000: in there
(16:11 / Allies) FLIPENDO: ?
(16:17 / Allies) MasserofGiants: get it
(16:21 / Allies) TITLICKER3000: staff of silence
(16:23 / Allies) MasserofGiants: theres also
(16:25 / Allies) MasserofGiants: super claws
(17:22 / Allies) TITLICKER3000: going
(19:07 / Allies) MasserofGiants: sorry
(19:16 / Allies) FLIPENDO: thanks
(19:19 / Allies) MasserofGiants: move
(19:20 / Allies) MasserofGiants: your hunts
(19:39 / Allies) MasserofGiants: lets juts
(19:41 / Allies) MasserofGiants: hit them
(19:43 / Allies) TITLICKER3000: k
(20:08 / Allies) MasserofGiants: get this up when you can
(20:39 / Allies) MasserofGiants: ok
(20:41 / Allies) MasserofGiants: im hitting
(20:43 / Allies) MasserofGiants: tellow epxo
(20:45 / Allies) MasserofGiants: hit dg main
(21:32 / Allies) FLIPENDO: damn
(21:38 / Allies) MasserofGiants: just trade it
(21:39 / Allies) FLIPENDO: i'll make destors
(22:05 / Allies) FLIPENDO: ty
(22:07 / Allies) MasserofGiants: next
(22:17 / Allies) MasserofGiants: we cant lose your main
(22:54 / Allies) MasserofGiants: get b
(22:57 / Allies) MasserofGiants: or tp
(23:26 / Allies) MasserofGiants: b
(23:41 / Allies) MasserofGiants: gold me for tp
(23:48 / Allies) MasserofGiants: tuy
(23:58 / All) FLIPENDO: just kidding
(23:59 / All) MasserofGiants: playing jump rope with the cable again
(24:03 / All) ANNEFRANKHUSTLE: wow
(24:13 / Allies) MasserofGiants: ok lets
(24:15 / Allies) MasserofGiants: hit
(24:17 / Allies) MasserofGiants: that
(24:38 / Allies) MasserofGiants: go there
(26:51 / Allies) MasserofGiants: lumb if pos
(27:14 / Allies) MasserofGiants: wyrms
(27:18 / Allies) TITLICKER3000: got them
(28:05 / Allies) MasserofGiants: onward
(28:40 / Allies) MasserofGiants: what awas there
(28:42 / Allies) TITLICKER3000: yellow
(28:58 / Allies) MasserofGiants: nice snipe
(29:01 / Allies) TITLICKER3000: he ahs morts and tanks
(29:35 / Allies) FLIPENDO: i have n otp
(29:58 / Allies) TITLICKER3000: lvl 6
(30:05 / Allies) MasserofGiants: ill delay him
(30:07 / Allies) MasserofGiants: finish the ud
(30:32 / Allies) MasserofGiants: dryad
(31:21 / Allies) TITLICKER3000: want me to come help?
(31:23 / Allies) MasserofGiants: n
(31:24 / Allies) TITLICKER3000: k
(33:40 / Allies) MasserofGiants: nice inferno
(33:41 / All) ANNEFRANKHUSTLE: gg scrubs
(33:45 / All) FLIPENDO: gg
(33:46 / All) MasserofGiants: geegee